Workbook

Sheet 附表1.认定表（建筑业）
A1: 企业技术中心认定表（建筑业） 注：请不要修改此表所有格式，电子材料提交完整Excel文档
A2: 第一部分 企业基本情况
A3: 企业名称 | D3: 企业类型（按营业执照填写）
A4: 统一社会信用代码 | D4: 企业所有制性质
A5: 所属地市 | D5: 所属县区
A6: 所属行业名称（与统计行业代码对应） | D6: 统计行业代码
A7: 主营业务 | D7: 所属产业集群 | E7: 建筑业
A8: 注册资本（万元） | D8: 是否上市公司
A9: 企业存续年限（年） | D9: 电子邮箱
A10: 企业负责人 | D10: 联系电话
A11: 企业联系人 | D11: 联系电话
A12: 报告年度 | C12: 2022年
A13: 企业通讯地址
A14: 第二部分 企业技术中心基本情况
A15: 中心成立时间
A16: 中心负责人 | D16: 联系电话
A17: 中心联系人 | D17: 联系电话
A18: 序号 | B18: 认定主要指标 | E18: 数据值
A19: 1 | B19: 企业职工总数（人）
A20: 2 | B20: 企业专职研究与试验发展人员数（人）
A21: 3 | B21: 企业拥有的一级注册建设类执业资格人数（人）
A22: 4 | B22: 企业技术中心高层次研发人员数（人）
A23: 5 | B23: 企业技术开发仪器设备原值及研发用软件购置费（万元）
A24: 6 | B24: 企业拥有的国家级研发平台数（个）
A25: 7 | B25: 企业拥有的省级研发平台数（个）
A26: 8 | B26: 企业报告年度技术研发项目数（项）按照107-1表填写
A27: 9 | B27: 企业近五年获得省级以上新工法数（项）
A28: 10 | B28: 企业拥有的全部有效知识产权数（不含发明专利）（件）
A29: 11 | B29: 企业拥有的全部有效发明专利数（件）
A30: 12 | B30: 企业报告年度被受理的知识产权申请数（不含发明专利）（件）
... A39: 21 | B39: 近五年获省级自然科学、技术发明、科技进步奖项目数（项）
B40: 其中：特等奖数（项）
B41: 其中：一等奖数（项）
B42: 其中：二等奖数（项）
A43: 22 | B43: 近五年获得国家建筑行业奖（鲁班奖、詹天佑奖、国家优质工程奖）项目数
A44: 23 | B44: 近五年获得省级建筑行业奖（建设工程金匠奖、建设工程优质奖、建设工程优质结构奖）项目数
A45: 24 | B45: 近五年获得国家级、省级建筑业新技术应用示范工程数

Sheet 附表2.认定数据范围统计表
A1: 附表2.认定数据范围统计表
A2: 企业名称：
A3: 编号 | B3: 下属企业名称 | C3: 统一社会信用代码 | D3: 所在地 | E3: 隶属关系
A4: 1
A5: 2
A6: …
A7: 填写说明：
A8: 1.企业名称：填写企业技术中心所在企业的名称，应与企业加盖公章一致。
A9: 2.隶属关系指下属企业与企业技术中心所在企业之间隶属关系，例如分公司、其他（需具体说明，不含子公司）。
A10: 3.若没有，填“无”。

Sheet 附表3.专职研究与试验发展人员列表
A1: 附表3.专职研究与试验发展人员列表
A2: 序号 | B2: 姓名 | C2: 出生年月 | D2: 学历 | E2: 所在部门 | F2: 职称职务 | G2: 入职时间 | H2: 是否属于高层次研发人员 | I2: 是否具备一级注册建设类职业资格
A3: 1
A4: 2
A5: 3
A6: 4
A7: 5
A8: 6
A9: 7
A10: …
A11: 填写说明：
A12: 1.“出生年月”为6位编码，其中前4位为年份，后2位为月份。例如，出生年月为1980年9月，填写编码为“198009”。
A13: 2.“所在部门”指企业技术中心架构下属部门或分支机构名称。
A14: 3.证明材料需提供带有省级或地市社保部门公章的人员社保缴纳证明、学历证书或职称证书。
A15: 4.如专职研发人员为退休返聘人员，需提供返聘劳务合同、学历证书或职称证书。
A16: 5.属于高层次研发人员需提供包括但不限于：高级职称、博士学位证书、高级技师证书、国家、省、市人才计划者证明，若不属于则填“无”。
A17: 6.具备一级注册建设类职业资格的人员需提供一级注册建设类职业资格证书，若不具备则填“否”。

Sheet 附表4.企业技术开发仪器设备原值及研发用软件购置费清单
A1: 附表4、企业技术开发仪器设备原值及研发用软件购置费清单
A2: 序号 | B2: 设备/软件名称 | C2: 型号 | D2: 数量 | E2: 分类 | F2: 设备转固凭证号 | G2: 固定资产编号 | H2: 发票编号 | I2: 发票时间 | J2: 发票金额 （不含税）
A4: 1
A5: 2
A6: 3
A7: 4
A8: 5
A9: 6
A10: 7
A11: …
A12: 设备及软件金额合计（元）：
A13: 填写说明：
A14: 1.“分类”可填写：仪器设备、软件。
A15: 2.证明材料需提供所列企业技术开发仪器设备及软件设备购置发票、转固凭证等，与列表顺序一一对应。技术开发仪器设备若已购置10年或以上且未达到折旧年限的，需提供设备使用状况证明（使用部门，使用地点等）。

Sheet 附表5.拥有的有效知识产权
A1: 附表5.拥有的有效知识产权
A2: 序号 | B2: 名称 | C2: 类型 | D2: 专利号或登记号 | E2: 授权或登记时间 | F2: 是否为2022年度申请
A3: 1
A4: 2
A5: 3
A6: 4
A7: 5
A8: 6
A9: 7
A10: …
A11: 填写说明：
A12: 1.该表只填写有效知识产权，已经无效、报告年度之后获得的知识产权不得列入。
A13: 2.“类型”可填写：发明专利（含国防专利、国际PCT专利）、外观专利、实用新型专利、计算机软件著作权、国家新药、国家一级中药保护品种、集成电路布图设计专有权、其他（需具体说明）。
A14: 3.“授权或登记时间”为6位编码，其中前4位为年份，后2位为月份。例如，授权或登记时间为2022年1月，填写编码为“202201”。
A15: 4.证明材料需提供相关知识产权证书，提供有效发明专利证书建议最多不超过50个，提供其他有效知识产权证书（不含发明专利）建议最多不超过70个。
A16: 5.建议先列发明专利，后列其他类型专利。

Sheet 附表6.报告年度被受理的知识产权
A1: 附表6.报告年度被受理的知识产权
A2: 序号 | B2: 名称 | C2: 类型 | D2: 申请国别 | E2: 申请号 | F2: 申请日期 | G2: 申请人
A3: 1
A4: 2
A5: 3
A6: 4
A7: 5
A8: 6
A9: 7
A10: …
A11: 填写说明：
A12: 1.报告年度之外被受理的知识产权不得列入。
A13: 2.该表所填写信息需与受理书内容一致。
A14: 3.“类型”可填写：发明专利（含国防专利、国际PCT专利）、外观专利、实用新型专利、计算机软件著作权、国家新药、国家一级中药保护品种、集成电路布图设计专有权、其他（需具体说明）。
A15: 4.“申请日期”为6位编码，其中前4位为年份，后2位为月份。例如，申请日期为2022年1月，填写编码为“202201”。
A16: 5.“申请人”应为技术中心所在企业。
A17: 6.证明材料需提供相关知识产权申请受理回执。
A18: 7.当年被受理且已授权专利可以列入，如已在附表6填写并提供证明材料，且能够证明申请时间为2022年的，无需重复提供佐证。
A19: 8.建议先列发明专利，后列其他类型专利。

Sheet 附表7.近五年主持和参加制定的标准
A1: 附表7.近五年主持和参加制定的标准
A2: 序号 | B2: 名称 | C2: 标准类型 | D2: 标准号 | E2: 主持或参加 | F2: 颁布日期
A3: 1
A4: 2
A5: …
A6: 填写说明：
A7: 1.近五年指报告年度、报告年度前一年度、报告年度前二年度、报告年度前三年度、报告年度前四年度。
A8: 2.所填标准应为现行有效标准。
A9: 3.标准类型可填写：国际、国家、行业、地方、团体、工法。
A10: 4.请写明有效标准的标准号，其中工法请注明国家级、省部级（企业级无需填写）。
A11: 5.颁布日期为6位编码，其中前4位为年份，5-6位为月份。例，颁布日期为2016年1月，填写编码为“201601”。
A12: 6.证明材料需提供相关标准文件。

Sheet 附表8.拥有的国家级、省级研发平台
A1: 附表8.拥有的国家级、省级研发平台
A2: 序号 | B2: 平台名称 | C2: 级别 | D2: 主管部门 | E2: 平台类型 | F2: 批复文号/证书号 | G2: 有效期
A3: 1
A4: 2
A5: …
A6: 填写说明：
A7: 1.“平台名称”应与有关政府部门批复文件一致。
A8: 2.“级别”可填写：国家级、省级。
A9: 3.“主管部门”填写平台的国家或省级主管政府部门名称。
A10: 4.平台类型可填写：制造业创新中心、工业设计中心、产业创新中心、技术创新中心、工程研究中心、工程技术研究中心。
A11: 5.证明材料需提供平台建设认定文件。

Sheet 附表9.其他奖励情况
A1: 附表9.其他奖励情况
A2: 序号 | B2: 奖项名称 | C2: 等级 | D2: 颁发部门 | E2: 获奖时间 | F2: 证书号 | G2: 有效期
A3: 1
A4: 2
A5: …
A6: 填写说明：
A7: 1.“奖项名称”可填写：近五年国家和省级科技奖励（自然科学、技术发明、科技进步奖）、近五年获得国家建筑行业奖（鲁班奖、詹天佑奖、国家优质工程奖）、近五年获得省级建筑行业奖（建设工程金匠奖、建设工程优质奖、建设工程优质结构奖）、近五年获得国家级、省级建筑业新技术应用示范工程数等情况。
A8: 2.“等级”可填写：一等奖、二等奖、三等奖等。
A9: 3.“颁发部门”填写颁发该奖励的国家或省级主管政府部门名称。
A10: 4.按实际情况填写证书号或有效期，若没有可填“无”。

Sheet 附表10.数据汇总表（建筑业）
A1: 地市工信部门填报
B2: 项 | C2: 项 | D2: 件 | E2: 件 | F2: 件 | G2: 件 | H2: 项 | I2: 人 | J2: 人 | K2: 人 | L2: 人 | M2: 万元 | N2: 万元 | O2: 万元 | P2: 万元 | Q2: 万元 | R2: 万元 | S2: 个 | T2: 个 | U2: 项 | V2: 项 | W2: 项 | X2: 项 | Y2: 项 | Z2: 项 | AA2: 项 | AB2: 项
A3: 企业名称 | B3: 企业报告年度技术研发项目数 | C3: 近五年获得省级以上新工法数 | D3: 企业拥有的全部有效知识产权数（不含发明专利） | E3: 企业拥有的全部有效发明专利数 | F3: 企业报告年度被受理的知识产权申请数（不含发明专利） | G3: 报告年度被受理的发明专利申请数 | H3: 近五年主持和参加制定的国际、国家、行业、地方、团体标准数 | I3: 企业职工总数 | J3: 企业专职研究与试验发展人员数 | K3: 企业拥有的一级注册建设类执业资格人数 | L3: 企业技术中心高层次研发人员数 | M3: 企业主营业务收入总额 | N3: 企业年利润总额 | O3: 企业研究与试验发展经费支出额 | P3: 开发研究建筑业新项目的销售收入 | Q3: 企业年纳税总额 | R3: 企业技术开发仪器设备原值及研发用软件购置费 | S3: 企业拥有的国家级研发平台数 | T3: 企业拥有的省级研发平台数 | U3: 近五年获国家自然科学、技术发明、科技进步奖项目数 | V3: 近五年获省级自然科学、技术发明、科技进步奖项目数 | W3: 其中：特等奖数 | X3: 其中：一等奖数 | Y3: 其中：二等奖数 | Z3: 近五年获得国家建筑行业奖（鲁班奖、詹天佑奖、国家优质工程奖）项目数 | AA3: 近五年获得省级建筑行业奖（建设工程金匠奖、建设工程优质奖、建设工程优质结构奖）项目数 | AB3: 近五年获得国家级、省级建筑业新技术应用示范工程数 | AC3: 所属市 | AD3: 所属行业（大类） | AE3: 统计行业代码（二位码） | AF3: 统一社会信用代码 | AG3: 是否上市公司 | AH3: 企业所有制性质 | AI3: 企业存续年限 | AJ3: 注册资本 | AK3: 主营业务 | AL3: 所属产业集群 | AM3: 企业联系人 | AN3: 企业联系电话
A4: ='附表1.认定表（建筑业）'!C3 -> 0 | B4: ='附表1.认定表（建筑业）'!E26 -> 0 | C4: ='附表1.认定表（建筑业）'!E27 -> 0 | D4: ='附表1.认定表（建筑业）'!E28 -> 0 | E4: ='附表1.认定表（建筑业）'!E29 -> 0 | F4: ='附表1.认定表（建筑业）'!E30 -> 0 | G4: ='附表1.认定表（建筑业）'!E31 -> 0 | H4: ='附表1.认定表（建筑业）'!E32 -> 0 | I4: ='附表1.认定表（建筑业）'!E19 -> 0 | J4: ='附表1.认定表（建筑业）'!E20 -> 0 | K4: ='附表1.认定表（建筑业）'!E21 -> 0 | L4: ='附表1.认定表（建筑业）'!E22 -> 0 | M4: ='附表1.认定表（建筑业）'!E33 -> 0 | N4: ='附表1.认定表（建筑业）'!E34 -> 0 | O4: ='附表1.认定表（建筑业）'!E36 -> 0 | P4: ='附表1.认定表（建筑业）'!E37 -> 0 | Q4: ='附表1.认定表（建筑业）'!E35 -> 0 | R4: ='附表1.认定表（建筑业）'!E23 -> 0 | S4: ='附表1.认定表（建筑业）'!E24 -> 0 | T4: ='附表1.认定表（建筑业）'!E25 -> 0 | U4: ='附表1.认定表（建筑业）'!E38 -> 0 | V4: ='附表1.认定表（建筑业）'!E39 -> 0 | W4: ='附表1.认定表（建筑业）'!E40 -> 0 | X4: ='附表1.认定表（建筑业）'!E41 -> 0 | Y4: ='附表1.认定表（建筑业）'!E42 -> 0 | Z4: ='附表1.认定表（建筑业）'!E43 -> 0 | AA4: ='附表1.认定表（建筑业）'!E44 -> 0 | AB4: ='附表1.认定表（建筑业）'!E45 -> 0 | AC4: ='附表1.认定表（建筑业）'!C5 -> 0 | AD4: ='附表1.认定表（建筑业）'!C6 -> 0 | AE4: ='附表1.认定表（建筑业）'!E6 -> 0 | AF4: ='附表1.认定表（建筑业）'!E6 -> 0 | AG4: ='附表1.认定表（建筑业）'!E8 -> 0 | AH4: ='附表1.认定表（建筑业）'!E4 -> 0 | AI4: ='附表1.认定表（建筑业）'!C9 -> 0 | AJ4: ='附表1.认定表（建筑业）'!C8 -> 0 | AK4: ='附表1.认定表（建筑业）'!C7 -> 0 | AL4: ='附表1.认定表（建筑业）'!E7 -> 建筑业 | AM4: ='附表1.认定表（建筑业）'!C11 -> 0 | AN4: ='附表1.认定表（建筑业）'!E11 -> 0
